 Dungeon Sprint DCSS version 0.30-a0-23-ge60ba3568b (webtiles) character file.

Game seed: 17687244361145942602

436 Hubris850 the Basher (level 7, -1/56 (70) HPs)
             Began as an Ogre Berserker on Aug 25, 2022.
             Was a Believer of Trog.
             Slain by Sonja
             ... wielding a +2 dagger of draining
              (6 damage)
             ... in the Dungeon (Sprint I: "Red Sonja").
             The game lasted 00:01:46 (849 turns).

Hubris850 the Basher (Ogre Berserker)                Turns: 849, Time: 00:01:47

HP:   -1/56 (70)    AC:  3    Str: 24    XL:     7   Next: 1%
MP:   7/7           EV: 10    Int:  8    God:    Trog [**....]
Gold: 305           SH:  0    Dex:  8    Spells: 6/6 levels left

rFire   . . .      SeeInvis .    j - +0 giant spiked club
rCold   . . .      Faith    .    (shield currently unavailable)
rNeg    . . .      Spirit   .    b - +0 animal skin
rPois   .          Reflect  .    (helmet restricted)
rElec   .          Harm     .    (no cloak)
rCorr   .          Rampage  .    (gloves unavailable)
Will    .....      NoTele   +    (boots unavailable)
Stlth   +.........               (no amulet)
HPRegen 0.18/turn                (no ring)
MPRegen 0.10/turn                (no ring)

@: lethally poisoned (-1 -> -8), slowed, heavily drained, very slow
A: large, unfitting armour, tough skin 1
a: Renounce Religion, Berserk, Trog's Hand


You were in the Dungeon.
You worshipped Trog.
Trog was pleased with you.
You visited 1 branch You collected 305 gold pieces.

Inventory:

Hand Weapons
 a - a +0 mace
 j - a +0 giant spiked club (weapon)
Armour
 b - a +0 animal skin (worn)
Wands
 i - a wand of roots (7)
 k - a wand of digging (6)
Scrolls
 h - a scroll of blinking
Potions
 c - a potion of curing
 d - a potion of heal wounds
 e - a potion of haste
 f - 2 potions of magic
 g - a potion of berserk rage
 l - a potion of mutation


   Skills:
 - Level 4.0 Fighting
 + Level 13.4 Maces & Flails
 - Level 2.6 Dodging


You had 6 spell levels left.
You didn't know any spells.
Your spell library was empty.

Dungeon Overview and Level Annotations

Branches:
Dungeon (1/1)

Altars:
Cheibriados
Dithmenos
Elyvilon
Fedhas
Gozag
Hepliaklqana
Kikubaaqudgha
Nemelex Xobeh
Okawaru
Qazlal
Ru
Sif Muna
Trog
Uskayaw
Vehumet
Wu Jian
Yredelemnul
Zin
The Shining One

Shops:
D [

Annotations:
D Sonja


Innate Abilities, Weirdness & Mutations

You are too large for most types of armour.
You have tough skin. (AC +1)


Message History

You feel drained.
Sonja hits you with a +2 dagger of draining!
You feel drained.
You miss Sonja.
Sonja barely misses you. x2; Sonja completely misses you.
Sonja hits you with a +2 dagger of draining.
You feel drained.
Sonja hits you with a +2 dagger of draining.
You feel drained.
Sonja hits you with a +2 dagger of draining.
You feel drained.
You completely miss Sonja.
Sonja mumbles some strange words.
Sonja blinks!
Aiming: Fastroot
Press: ? - help, Shift-Dir - straight line, f - Sonja
Aim: Sonja, wielding a +2 dagger of draining and quivering curare-tipped darts The roots erupt in riotous growth!
Roots grab Sonja.
The grasping roots constrict Sonja.
Sonja says, "I'm academy-trained, you know."
Sonja throws a curare-tipped dart.
The curare-tipped dart hits you.
You are poisoned.
You have difficulty breathing.
You feel yourself slow down.
The grasping roots constrict Sonja!
* * * LOW HITPOINT WARNING * * *
You feel very sick.
The roots release their grip on Sonja.
Sonja throws a curare-tipped dart.
The curare-tipped dart barely misses you.
You miss Sonja.
Sonja is moderately wounded.
You feel very sick.
Sonja hits you with a +2 dagger of draining.
* * * LOW HITPOINT WARNING * * *
You feel drained.
* * * LOW HITPOINT WARNING * * *
Sonja hits you with a +2 dagger of draining.
* * * LOW HITPOINT WARNING * * *
You feel drained.
Sonja hits you with a +2 dagger of draining.
You die...

################
#<.#..'..#..'..#
#..)..#..)..#..+
#..#####'#####'# ##
#..####..#...#)####)$#
#..#__####..##.#§§~§
#..#_____##'#_.+~§§
#⌠⌠#_.∩...†.K._#
####_..__##_@#'#
#_____###'#.# #######
#.### $.$ #$.$# ##.##
#+#


You could see Sonja.

Vanquished Creatures
  A yak (D)
  Sigmund (D)
  An ogre (D)
  A jelly (D)
  Ijyb (D)
5 creatures vanquished.

Notes
Turn   | Place    | Note
-------+----------+-------------------------------------------
     0 | D        | Hubris850 the Ogre Berserker began the quest for the Orb.
     0 | D        | Reached XP level 1. HP: 24/24 MP: 1/1
     1 | D        | Noticed Ijyb
     9 | D        | Killed Ijyb
    10 | D        | Reached skill level 5 in Maces & Flails
    10 | D        | Reached XP level 2. HP: 16/32 MP: 2/2
    10 | D        | Reached XP level 3. HP: 19/39 MP: 3/3
   201 | D        | Noticed an ogre
   207 | D        | Killed an ogre
   208 | D        | Reached skill level 8 in Maces & Flails
   208 | D        | Reached XP level 4. HP: 10/48 MP: 4/4
   459 | D        | Noticed Sigmund
   475 | D        | HP: 2/48 [something (3)]
   476 | D        | Killed Sigmund
   476 | D        | Reached ** piety under Trog
   477 | D        | Reached skill level 11 in Maces & Flails
   477 | D        | Reached XP level 5. HP: 3/54 MP: 5/5
   477 | D        | Reached XP level 6. HP: 3/62 MP: 6/6
   781 | D        | Found a shimmering blue altar of Sif Muna.
   782 | D        | Found an ornate altar of the Wu Jian Council.
   783 | D        | Found a radiant altar of Vehumet.
   816 | D        | Found Buproik's Antique Armour Emporium.
   816 | D        | Found an ancient bone altar of Kikubaaqudgha.
   816 | D        | Found a hazy altar of Hepliaklqana.
   816 | D        | Found a stormy altar of Qazlal.
   816 | D        | Found a hide-covered altar of Uskayaw.
   816 | D        | Found a blossoming altar of Fedhas.
   816 | D        | Found a bloodstained altar of Trog.
   816 | D        | Found an iron altar of Okawaru.
   816 | D        | Found a basalt altar of Yredelemnul.
   816 | D        | Found a glowing golden altar of the Shining One.
   816 | D        | Found a snail-covered altar of Cheibriados.
   816 | D        | Found a sacrificial altar of Ru.
   816 | D        | Found a glowing silver altar of Zin.
   816 | D        | Found a shadowy altar of Dithmenos.
   816 | D        | Found a white marble altar of Elyvilon.
   816 | D        | Noticed a yak
   822 | D        | Killed a yak
   823 | D        | Reached skill level 13 in Maces & Flails
   823 | D        | Reached XP level 7. HP: 65/70 MP: 7/7
   823 | D        | Found an opulent altar of Gozag.
   824 | D        | Found a sparkling altar of Nemelex Xobeh.
   842 | D        | Noticed Sonja
   849 | D        | Slain by Sonja

Illustrated notes

Levels and vault maps discovered:
D:        dungeon_sprint_1 [red_sonja_temple_1, red_sonja_temple_small_1]

Skill      XL: |  1  2  3  4  5  6 |
---------------+-------------------+-----
Maces & Flails | 5 8 11 13 | 13.4
Fighting       | |  4.0
Dodging        | |  2.6

Action                   |  1- 3 |  4- 6 |  7- 9 || total
-------------------------+-------+-------+-------++-------
Melee: Mace              |    12 |       |       ||    12
       Giant spiked club |       |    16 |     4 ||    20
Invok: Berserk           |     2 |       |       ||     2
Evoke: Wand              |       |       |     1 ||     1
  Use: Scroll            |       |     1 |       ||     1
Armor: Animal skin       |       |     1 |       ||     1
Dodge: Dodged            |     1 |     6 |     5 ||    12

Table legend: (Time is in decaauts)
 A = Elapsed time spent in this place.
 B = Non-inter-level travel time spent in this place.
 C = Inter-level travel time spent in this place.
 D = Time resting spent in this place.
 E = Time spent auto-exploring this place.
 F = Levels seen in this place.
 G = Mean time per level.
                   A        B        C        D        E       F      G
               +--------+--------+--------+--------+--------+-----+--------+
         Total |    877 |    877 |      0 |    742 |      0 |   1 |  877.0 |
       Dungeon |    877 |    877 |      0 |    742 |      0 |   1 |  877.0 |
               +--------+--------+--------+--------+--------+-----+--------+

Top non-repeatable levels by time:
       D: 877 daAuts
